 Dungeon Crawl Stone Soup version 0.23.2 (webtiles) character file.

Game seed: 17128530313836335443

10 FakeJameh the Grasshopper (level 2, -2/25 HPs)
             Began as a Ghoul Warper on Apr 28, 2019.
             Slain by a hobgoblin (3 damage)
             ... on level 1 of the Dungeon.
             The game lasted 00:03:18 (196 turns).

FakeJameh the Grasshopper (Ghoul Warper)             Turns: 196, Time: 00:03:18

Health: -2/25      AC:  3    Str: 14    XL:     2   Next: 20%
Magic:  3/3        EV: 11    Int:  8    God:
Gold:   13         SH:  0    Dex:  8    Spells: 4/4 levels left

rFire    . . .     SeeInvis .     - Unarmed
rCold    + . .     Gourm    .   (no shield)
rNeg     + + +     Faith    .   a - +0 leather armour
rPois    ∞         Spirit   .   (no helmet)
rElec    .         Reflect  .   (no cloak)
rCorr    .         Harm     .   (no gloves)
MR       .....                  (no boots)
Stlth    +.........             (no amulet)
HPRegen  0.00/turn              (no ring)
MPRegen  0.08/turn              (no ring)

@: very slightly contaminated, rotting
A: rotting body, claws 1, carnivore, cold resistance 1, negative energy
resistance 3, inhibited regeneration, torment resistance, unbreathing
a: no special abilities


You were on level 1 of the Dungeon.
You were not hungry.

You visited 1 branch of the dungeon, and saw 1 of its levels.

You collected 13 gold pieces.

Inventory:

Missiles
 d - 5 tomahawks of dispersal (quivered)
Armour
 a - a +0 leather armour (worn)
Comestibles
 f - a ration


   Skills:
 + Level 2.4 Fighting
 - Level 0.8 Throwing
 + Level 1.0 Armour
 + Level 2.0 Dodging
 + Level 2.4 Unarmed Combat
 + Level 1.9 Spellcasting
   Level 2.6 Translocations


You had 4 spell levels left.
You didn't know any spells.
Your spell library contained the following spells:

 Spells                   Type           Power        Failure   Level  Hunger
 Blink                    Tloc           N/A          22%         2    ###....
 Shroud of Golubria       Chrm/Tloc      #.........   36%         2    ###....
 Gell's Gravitas          Tloc           #.........   41%         3    ####...
 Lesser Beckoning         Tloc           #.........   41%         3    ####...
 Teleport Other           Tloc           #.......     41%         3    ####...
 Passage of Golubria      Tloc           N/A          82%         4    #####..


Dungeon Overview and Level Annotations

Branches:
Dungeon (1/15)

Altars:


Innate Abilities, Weirdness & Mutations

Your body is rotting away.
You thrive on raw meat.
You are immune to poison.
You have sharp fingernails.
You are carnivorous and can eat meat at any time.
Your flesh is cold resistant. (rC+)
You are immune to negative energy. (rN+++)
You do not regenerate when monsters are visible.
You are immune to unholy pain and torment.
You can survive without breathing.


Message History

* * * LOW HITPOINT WARNING * * *
The bat barely misses you.
Unknown command.
The bat hits you but does no damage. The jackal bites you.
* * * LOW HITPOINT WARNING * * *
Unknown command.
You scratch the jackal but do no damage.
The bat barely misses you.
The jackal bites you but does no damage.
Unknown command.
You scratch the jackal but do no damage.
The jackal bites you but does no damage.
Unknown command.
You closely miss the jackal. The bat hits you but does no damage.
The jackal closely misses you. The jackal barely misses you.
You scratch the jackal but do no damage.
The bat closely misses you.
The jackal bites you but does no damage.
The hobgoblin hits you.
You die...

***,,**** ##########*,
*,,,,,,,* ##....#...###
*,,,,,*,* ##.....g..÷..#
*,,,,,*,*##...#..<).#...
*,,,,,*,##...###...###h.
*,,,,,*##...## ##### ##÷
*,,,,,##b..## #...# ##
*,,,,##.gg######.#.#####
*,,**#.@#.†......#......
*,,* #h##.#...##.#.###..
*,,* #.#.g###.##.#..#.##
*,,**#...g.gg........gh.
*,,,,#####..###########.
**,*** *##.§#* ##.. *,*
*,##..#* ##..# *,*
*,*##..#* *#..## *,* *,*
*#..#*#..##*


You could see a jackal, 2 hobgoblins and a bat.

Vanquished Creatures
  2 leopard geckos (D:1)
  A giant cockroach (D:1)
  A goblin (D:1)
  2 jackals (D:1)
  A frilled lizard (D:1)
7 creatures vanquished.

Notes
Turn   | Place    | Note
-------+----------+-------------------------------------------
     0 | D:1      | FakeJameh the Ghoul Warper began the quest for the Orb.
     0 | D:1      | Reached XP level 1. HP: 17/17 MP: 2/2
    63 | D:1      | Reached skill level 1 in Armour
    63 | D:1      | Reached XP level 2. HP: 13/24 MP: 3/3
   192 | D:1      | HP: 1/25 [jackal (2)]
   196 | D:1      | Slain by a hobgoblin

Skill      XL: |  1  2 |
---------------+-------+-----
Armour         | 1 |  1.0
Dodging        | 2 |  2.0
Fighting       | |  2.4
Throwing       | |  0.8
Unarmed Combat | |  2.4
Spellcasting   | |  1.9
Translocations | |  2.6

Action                   || total
-------------------------++-------
Melee: Unarmed           ||    45
  Use: Scroll            ||     2
  Eat: Chunk             ||     4
Armor: Leather armour    ||    32
Dodge: Dodged            ||    37
